 Dungeon Crawl Stone Soup: Circus Animals version v1.1-49-g42d1a56 (webtiles) character file.

58 Etesian the Firebug (level 4, 37/37 HPs)
             Began as a Djinni Fire Elementalist on Apr 11, 2016.
             Quit the game on level 2 of the Dungeon.
             The game lasted 00:12:09 (1372 turns).

Etesian the Firebug (Djinni Fire Elementalist)      Turns: 1372, Time: 00:12:09

Health: 37/37      AC:  2    Str:  9    XL:     4   Next: 1%
Magic:  0/0        EV: 13    Int: 16    God:
Gold:   68         SH:  0    Dex: 13    Spells: 2 memorised, 4 levels left

rFire  . . .     SeeInvis .     c - +0 dagger
rCold  x . .     Gourm    .     a - +0 robe
rNeg   . . .     Faith    .     (no shield)
rPois  .         Spirit   .     (no helmet)
rElec  .         Dismiss  .     (no cloak)
rCorr  .         Reflect  .     (no gloves)
SustAt .         Harm     .     (boots unavailable)
MR     .....                    (no amulet)
Stlth  ..........               (no ring)
                                (no ring)

@: flying, glowing, not resistant to hostile enchantments, extremely unstealthy
A: cold vulnerability 1, insightful 1, glowing 1, ephemeral 3
a: Remove Curse


You were on level 2 of the Dungeon.
You were not hungry.

You visited 1 branch of the dungeon, and saw 2 of its levels.

You collected 68 gold pieces.

Inventory:

Hand Weapons
 c - a +0 dagger (weapon)
Armour
 a - a +0 robe (worn)
Potions
 b - a potion of lignification
 d - a potion of brilliance {unknown}
Books
 b - a book of Flames

   Spells                             Type                      Level
   a - Flame Tongue                   Fire                         1
   b - Conjure Flame                  Conjuration/Fire             3
   c - Inner Flame                    Hexes/Fire                   3
   d - Sticky Flame                   Conjuration/Fire             4
   e - Fireball                       Conjuration/Fire             5
   f - Bolt of Magma                  Conjuration/Fire/Earth       5
Comestibles
 a - a bread ration (worn)
 c - 6 chunks of flesh (in hand)


   Skills:
 + Level 2.7 Dodging
 - Level 1.7 Stealth
 + Level 2.6 Spellcasting
 * Level 1.3 Conjurations
 * Level 5.9 Fire Magic


You had 4 spell levels left.
You knew the following spells:

 Your Spells              Type           Power        Failure   Level  Hunger
a - Flame Tongue          Fire           #.........   1%          1    #......
c - Conjure Flame         Conj/Fire      #.........   12%         3    ###....


Dungeon Overview and Level Annotations

Branches:
Dungeon (2/15)

Altars:


Innate Abilities, Weirdness & Mutations

You are healed by all types of fire, even holy and hellish.
Unarmed attacks will do fire damage.
Cold and water do twice as much damage to you.
You have no legs.
Fire heals you.
You are vulnerable to cold.
You occasionally figure out what unidentified objects are.
You emit light, making it easier for others to see you.
Attacks often pass right through you.


Message History

You hit the rat (3).
You kill the rat!
No target in view!
No target in view!
No target in view!
You see here a rat corpse.
You butcher the rat corpse.
c - 2 chunks of flesh (gained 1)
A hobgoblin comes into view.
The helpless hobgoblin fails to defend itself.
You puncture the hobgoblin (7)!
You kill the hobgoblin!
You have reached level 4!
You feel stronger.
You begin to glow.
You see here a hobgoblin corpse.
You butcher the hobgoblin corpse.
c - 6 chunks of flesh (gained 4)
You see here a hobgoblin skeleton.
Are you sure you want to abandon this character and quit the game? (Confirm with "yes".)

.............#
#.#.##.......#
.###.#.......#
#.#.##.......# #
>..############ .#
#### .# #.# # ###
##### #.###..#
###.####...# #..#.#.#
##.#.......####.@....#
#.###.[......####.####
.## ##............#
#.# #........######
#.#.###...### #.#
#...# ### #####


There were no monsters in sight!

Vanquished Creatures
  3 adders (D:2)
  2 worms (D:2)
  A giant gecko (D:2)
  A bat (D:1)
  2 giant cockroaches
  4 goblins (D:1)
  4 hobgoblins
  3 kobolds
  A giant newt (D:1)
  A rat (D:2)
22 creatures vanquished.

Notes
Turn   | Place    | Note
--------------------------------------------------------------
     0 | D:1      | Etesian the Djinni Fire Elementalist began the quest for the Orb.
     0 | D:1      | Reached XP level 1. HP: 16/16 MP: 0/0
   301 | D:1      | Reached XP level 2. EP: 16/24
   367 | D:1      | Reached skill level 5 in Fire Magic
   778 | D:2      | Reached XP level 3. EP: 22/30
   825 | D:2      | Learned a level 3 spell: Conjure Flame
  1368 | D:2      | Gained mutation: You emit light, making it easier for others to see you. [Djinni growth]
  1368 | D:2      | Reached XP level 4. EP: 37/37
  1372 | D:2      | Quit the game

Skill      XL: |  1  2 |
---------------+-------+-----
Fire Magic     | 5 |  5.9
Dodging        | |  2.7
Stealth        | |  1.7
Spellcasting   | |  2.6
Conjurations   | |  1.3

Action                   |  1- 3 |  4- 6 || total
-------------------------+-------+-------++-------
Melee: Unarmed           |    14 |       ||    14
       Dagger            |    39 |       ||    39
 Cast: Flame Tongue      |    33 |       ||    33
       Conjure Flame     |     4 |       ||     4
 Stab: Sleeping          |     3 |       ||     3
  Eat: Chunk             |     3 |       ||     3
